 Dungeon Crawl Stone Soup version 0.29-a0-207-gf982a884d8 (webtiles) character file.

Game seed: 3689284038499805477

190802 Zeldest the Peltast (level 18, -3/142 HPs)
             Began as a Gnoll Wanderer on Feb 23, 2022.
             Was a High Priest of Okawaru.
             Slain by a naga warrior
             ... wielding a +0 trident
              (10 damage)
             ... on level 4 of the Snake Pit.
             The game lasted 01:59:51 (47591 turns).

Zeldest the Peltast (Gnoll Wanderer)               Turns: 47591, Time: 01:59:51

Health: -3/142     AC: 36    Str: 21    XL:     18   Next: 62%
Magic:  0/43       EV: 10    Int:  8    God:    Okawaru [*****.]
Gold:   2373       SH: 15    Dex: 10    Spells: 40/42 levels left

rFire   . . .      SeeInvis +   b - +4 broad axe (flame)
rCold   + . .      Faith    .   R - +0 kite shield {reflect}
rNeg    + + .      Spirit   +   K - +8 chain mail "Gauqusy" {+Inv rCorr Stlth+}
rPois   +          Reflect  +   s - +1 helmet {SInv}
rElec   +          Harm     .   M - +0 cloak {rCorr}
rCorr   +          Rampage  .   n - +3 pair of gauntlets of War {Slay+5}
Will    +....                   (no boots)
Stlth   ++++......              r - amulet of guardian spirit
HPRegen 0.33/turn               S - ring of Fientad {rElec rPois rF+ rN++ Int-4}
MPRegen 0.28/turn               X - ring "Plog" {+Blink rF- rC+ MP+9 AC+4}

@: heroic, finesse-ful, marked, constricted, studying Shields
A: fangs 1, strong nose, distributed training
a: Renounce Religion, Evoke Blink, Evoke Invisibility, Heroism, Finesse, Duel


You were on level 4 of the Snake Pit.
You worshipped Okawaru.
Okawaru was extremely pleased with you.
You visited 5 branches of the dungeon, and saw 28 of its levels.
You also visited: Sewer, Bailey, Gauntlet and Ice Cave.

You collected 3429 gold pieces.
You spent 1056 gold pieces at shops.

Inventory:

Hand Weapons
 a - the +7 hunting sling "Kamous" {vorpal, rC+ Str+3}
   (You found it on level 5 of the Dungeon)

   Any ammunition fired from it inflicts extra damage upon your enemies.
   Str:       It affects your strength (+3).
   rC:        It protects you from cold.
 b - a +4 broad axe of flaming (weapon)
 q - the +9 lajatang "Eviscerator" {venom, rF+ rC+ Will+ Stlth+}
   (You acquired it on level 1 of the Snake Pit)

   It poisons the flesh of those it strikes.
   rF:        It protects you from fire.
   rC:        It protects you from cold.
   Will:      It increases your willpower.
   Stlth:     It makes you more stealthy.
 v - a +1 antimagic broad axe
 G - the +7 demon blade "Hell-Harrower" {pain, rC+ Str+3}
   (You bought it in a shop on level 1 of the Snake Pit)

   In the hands of one skilled in necromantic magic, it inflicts extra damage on
   living creatures.
   Str:       It affects your strength (+3).
   rC:        It protects you from cold.
 Q - a +2 antimagic lajatang
Missiles
 F - 5 throwing nets (quivered)
Armour
 e - the +1 pair of gloves of Zasul {rPois Will++ Str+3}
   (You found it on level 2 of the Dungeon)

   Str:       It affects your strength (+3).
   rPois:     It protects you from poison.
   Will:      It greatly increases your willpower.
 n - the +3 pair of gauntlets of War (worn) {Slay+5}
   (You found it on level 5 of the Lair of Beasts)

   Slay:      It affects your accuracy & damage with ranged weapons and melee
   (+5).
 s - a +1 helmet of see invisible (worn)
 K - the +8 chain mail "Gauqusy" (worn) {+Inv rCorr Stlth+}
   (You found it on level 10 of the Dungeon)

   +Inv:      It lets you turn invisible.
   rCorr:     It protects you from acid and corrosion.
   Stlth:     It makes you more stealthy.
 M - a +0 cloak of preservation (worn)
 R - a +0 kite shield of reflection (worn)
Jewellery
 f - the ring of Happiness {rC- Will+ Int+6 SInv}
   (You found it on level 10 of the Dungeon)

   [ring of willpower]

   Int:       It affects your intelligence (+6).
   rC:        It makes you vulnerable to cold.
   SInv:      It lets you see invisible.
   Will:      It increases your willpower.
 o - a ring of wizardry
 r - an amulet of guardian spirit (around neck)
 A - a ring of resist corrosion
 E - a ring of protection from cold
 I - the ring "Zoucwiy" {Fire Fly rPois}
   (You found it in a bailey)

   [ring of fire]

   It enhances your fire magic.
   rF:        It protects you from fire.
   rC:        It makes you vulnerable to cold.
   rPois:     It protects you from poison.
   Fly:       It grants you flight.
 S - the ring of Fientad (left hand) {rElec rPois rF+ rN++ Int-4}
   (You found it on level 12 of the Dungeon)

   [ring of poison resistance]

   Int:       It affects your intelligence (-4).
   rF:        It protects you from fire.
   rElec:     It insulates you from electricity.
   rPois:     It protects you from poison.
   rN:        It greatly protects you from negative energy.
 X - the ring "Plog" (right hand) {+Blink rF- rC+ MP+9 AC+4}
   (You took it off a minotaur in a Gauntlet)

   [ring of protection]

   AC:        It affects your AC (+4).
   rF:        It makes you vulnerable to fire.
   rC:        It protects you from cold.
   MP:        It affects your magic capacity (+9).
   +Blink:    It lets you blink.
Wands
 c - a wand of digging (22)
 Y - a wand of iceblast (3)
Scrolls
 h - 5 scrolls of noise
 l - 8 scrolls of fog
 m - 4 scrolls of vulnerability
 u - 11 scrolls of teleportation
 w - 4 scrolls of silence
 y - 2 scrolls of immolation
 C - 5 scrolls of enchant armour
 J - a scroll of torment
 N - 5 scrolls of fear
 O - 5 scrolls of magic mapping
 P - a scroll of amnesia
 Z - a scroll of blinking
Potions
 d - 4 potions of cancellation
 g - 3 potions of flight
 j - a potion of lignification
 k - 4 potions of mutation
 p - 13 potions of berserk rage
 t - 2 potions of might
 z - 3 potions of magic
 B - 2 potions of resistance
 D - 3 potions of brilliance
 H - 4 potions of ambrosia
 L - a potion of attraction
 V - 2 potions of haste
Miscellaneous
 U - a tin of tremorstones (1/2)


   Skills:
 + Level 12.8(17.8) Fighting
 + Level 12.5(17.5) Short Blades
 + Level 12.5(17.5) Long Blades
 + Level 12.5(17.5) Axes
 + Level 12.5(17.5) Maces & Flails
 + Level 13.3(18.3) Polearms
 + Level 12.5(17.5) Staves
 + Level 12.5(17.5) Slings
 + Level 12.5(17.5) Bows
 + Level 14.0(19.0) Crossbows
 + Level 12.5(17.5) Throwing
 + Level 14.0(19.0) Armour
 + Level 12.5(17.5) Dodging
 + Level 12.5(17.5) Stealth
 + Level 16.4(21.4) Shields
 + Level 12.5(17.5) Unarmed Combat
 + Level 12.8 Spellcasting
 + Level 10.6 Conjurations
 + Level 10.6 Hexes
 + Level 10.6 Summonings
 + Level 10.6 Necromancy
 + Level 10.6 Translocations
 + Level 10.6 Transmutations
 + Level 10.6 Fire Magic
 + Level 10.6 Ice Magic
 + Level 10.6 Air Magic
 + Level 10.6 Earth Magic
 + Level 10.6 Poison Magic
 + Level 13.6 Invocations
 + Level 12.5 Evocations


You had 40 spell levels left.
You knew the following spells:

 Your Spells              Type           Power      Damage    Failure   Level
a - Passwall              Tmut/Erth      18%        N/A       1%          2

Your spell library contained the following spells:

 Spells                   Type           Power      Damage    Failure   Level
 Foxfire                  Conj/Fire      88%        2x1d8     1%          1
 Freeze                   Ice            88%        1d10      1%          1
 Magic Dart               Conj           88%        1d7       1%          1
 Sting                    Tmut/Pois      88%        1d7       1%          1
 Ensorcelled Hibernation  Hex/Ice        44%        N/A       1%          2
 Poisonous Vapours        Pois/Air       44%        N/A       1%          2
 Searing Ray              Conj           44%        2d6       1%          2
 Conjure Flame            Conj/Fire      22%        6-21      2%          3
 Ignite Poison            Fire/Tmut/Pois 22%        N/A       2%          3
 Inner Flame              Hex/Fire       22%        N/A       2%          3
 Mephitic Cloud           Conj/Pois/Air  22%        N/A       2%          3
 Swiftness                Air            22%        N/A       2%          3
 Anguish                  Hex/Necr       11%        N/A       8%          4
 Flame Wave               Conj/Fire      22%        2d7       8%          4
 Fulminant Prism          Conj/Hex       11%        3d9       8%          4
 Hailstorm                Conj/Ice       22%        3d7       8%          4
 Ice Form                 Ice/Tmut       22%        N/A       8%          4
 Olgreb's Toxic Radiance  Pois           22%        N/A       8%          4
 Fireball                 Conj/Fire      11%        3d7       22%         5
 Freezing Cloud           Conj/Ice/Air   11%        6-21      22%         5
 Irradiate                Conj/Tmut      11%        3d17      22%         5
 Yara's Violent Unravell  Hex/Tmut       11%        3d6       22%         5
 Eringya's Noxious Bog    Tmut/Pois      11%        N/A       75%         6
 Statue Form              Tmut/Erth      14%        N/A       75%         6
 Enfeeble                 Hex            11%        N/A       100%        7
 Necromutation            Tmut/Necr      11%        N/A       100%        8
 Tukima's Dance           Hex            Unusable   N/A       N/A         3
 Summon Forest            Summ/Tloc      Unusable   N/A       N/A         5
 Simulacrum               Ice/Necr       Unusable   N/A       N/A         6
 Monstrous Menagerie      Summ           Unusable   N/A       N/A         7
 Summon Hydra             Summ           Unusable   N/A       N/A         7

Dungeon Overview and Level Annotations

Branches:
Dungeon (15/15)            Temple (1/1) D:5            Lair (6/6) D:11
  Swamp (0/4) Lair:3        Snake (4/4) Lair:3        Slime (0/5) Lair:5
    Orc (2/2) D:11            Elf (0/3) Orc:2        Vaults (0/5) D:14
 Depths (0/4) D:15          Sewer (visited)          Bailey (visited)
  IceCv (visited)         Gauntlet (visited)

Altars:
Ashenzari
Cheibriados
Dithmenos
Elyvilon
Fedhas
Gozag
Hepliaklqana
Kikubaaqudgha
Makhleb
Nemelex Xobeh
Okawaru
Qazlal
Ru
Sif Muna
Trog
Uskayaw
Vehumet
Wu Jian
Xom
Yredelemnul
Zin
The Shining One
Jiyva

Shops:
D:4 ?   D:13 =   D:14 !   D:15 *   Orc:2 ![??   Snake:1 *[[(

Annotations:
D:6 2 transporters, cyrus's ghost, novice VSFi
D:12 3 runed translucent doors, Zeatusch's ghost, journeyman GrFi
Lair:5 1 runed translucent door
Snake:2 1 runed translucent door, murtidash's ghost, journeyman DgIE


Innate Abilities, Weirdness & Mutations

You have very sharp teeth.
Your uncanny sense of smell can sniff out nearby items.
Your experience applies equally to all skills.


Message History

You slice the guardian serpent!! You burn the guardian serpent.
You kill the guardian serpent!
Okawaru accepts your kill.
You slash the naga warrior! You burn the naga warrior.
You barely miss the naga sharpshooter.
The naga sharpshooter casts a spell.
The naga sharpshooter magically shoots a bolt.
The bolt hits you! The naga closely misses you.
You slice the naga warrior!! You burn the naga warrior!
The naga warrior is severely wounded.
You hit the naga sharpshooter but do no damage.
You feel sick.
The salamander hits you from afar with a +2 glaive!!
* * * LOW HITPOINT WARNING * * *
You are engulfed in flames!
* * * LOW HITPOINT WARNING * * *
The naga warrior hits you with a +0 trident!
* * * LOW HITPOINT WARNING * * *
The naga warrior grabs you. The naga warrior constricts you.
* * * LOW HITPOINT WARNING * * *
Okay, then.
Blink to where?
Press: ? - help, Dir - move target The naga warrior's grasp on you weakens, but your attempt to escape fails.
As you read the scroll of blinking, it crumbles to dust.
You feel sick.
The naga sharpshooter gestures wildly while chanting.
The naga sharpshooter magically shoots a bolt.
You reflect the bolt off your +0 kite shield of reflection!
The naga hits you from afar with a +0 glaive!
* * * LOW HITPOINT WARNING * * *
You block the salamander's attack.
The naga warrior roars a battlecry!
The naga warrior constricts you.
* * * LOW HITPOINT WARNING * * *
You feel better.
The naga sharpshooter shoots a bolt.
The bolt closely misses you. You block the naga's attack.
You block the salamander's attack.
The naga warrior hits you with a +0 trident!
You die...

#. ..## ..... ##.
..###......... ##..#
#............ #...##
##....# ... .....#
#.....# ..#
..#..###.##..# ..####.
.#......####.####N......
......#.# #..##.)N.....
.....###.# #..)#@.......
#....# .# ##..NN......#
#....###.. #.........##
##...............##...#
##.######...#....# #..#
#.## #..###..## #.# #.#
#.. ##.# .# .#.# .. ###
. ###..


You could see a naga warrior, a naga sharpshooter (strong), a salamander
(strong) and a naga (strong).

Vanquished Creatures
  Bai Suzhen (Snake:2)
  Jorgrun (Arena)
  Mlioglotl (Snake:4)
  Gastronok (Arena)
  Agnes (Snake:2)
  Kirke (D:15)
  Roxanne (D:15)
  Donald (Snake:2)
  4 nagarajas
  Aizul (Snake:2)
  Nessos (D:13)
  A reaper (IceCv)
  A stone giant (D:10)
  A minotaur (Gauntlet)
  Snorg (D:13)
  Josephine (D:10)
  2 fire dragons
  A great orb of eyes (D:15)
  7 hydras
  13 naga warriors
  A hell beast (Gauntlet)
  3 salamander tyrants
  3 catoblepae
  3 boulder beetles
  An anaconda (shapeshifter) (D:14)
  A merfolk avatar (Lair:6)
  9 anacondas
  6 centaur warriors
  Erica (D:8)
  10 death yaks
  6 two-headed ogres
  3 death knights (D:13)
  A tengu warrior (D:13)
  6 orc high priests (Orc:2)
  6 shock serpents
  Nergalle (D:11)
  5 naga sharpshooters
  6 salamander mystics
  A fire crab (shapeshifter) (D:6)
  A sea snake (Lair:6)
  6 naga ritualists
  Lodul (D:11)
  A flayed ghost (D:10)
  7 orc knights
  4 deep elf pyromancers
  An orc sorcerer (Orc:2)
  13 mana vipers
  A salamander (shapeshifter) (D:15)
  9 cyclopes
  17 salamanders
  14 ugly things
  35 elephants
  A moth of wrath (shapeshifter) (D:15)
  7 manticores
  42 black mambas
  7 naga magi
  2 guardian serpents (shapeshifter) (D:15)
  4 guardian serpents
  2 ice statues (IceCv)
  A torpor snail (Lair:6)
  18 cane toads
  2 gargoyles
  An unseen horror (D:13)
  A minotaur zombie (Gauntlet)
  5 yaktaurs
  2 tengu conjurers (D:14)
  6 rime drakes
  2 efreet
  2 freezing wraiths (D:12)
  6 ice devils (IceCv)
  10 komodo dragons
  5 anaconda simulacra (IceCv)
  3 entropy weaver simulacra (IceCv)
  2 polar bears
  7 trolls
  A queen bee (Lair:5)
  3 wind drakes (Lair:6)
  3 meliai (Lair:5)
  12 blink frogs
  6 slime creatures
  4 dream sheep
  A hornet (Lair:5)
  A snapping turtle (Lair:6)
  Grinder (D:6)
  A culicivora (shapeshifter) (D:11)
  A centaur simulacrum (D:15)
  5 shadows
  2 vampires
  8 wyverns
  A dire elephant simulacrum (IceCv)
  8 basilisks
  5 wraiths
  76 yaks
  13 humans (D:14)
  5 hogs (D:15)
  4 steam dragons
  5 vampire mosquitoes
  A harpy simulacrum (IceCv)
  36 nagas
  An acid dragon (D:12)
  3 swamp worms (Gauntlet)
  2 wargs
  13 water moccasins
  2 hell hounds (Gauntlet)
  A floating eye (shapeshifter) (D:12)
  33 orc warriors
  9 ogres
  A sky beast (D:6)
  8 wolves
  2 phantoms
  28 centaurs
  3 lemures (D:6)
  Blork the orc (D:6)
  A kobold brigand (D:9)
  3 gnoll sergeants
  3 scorpions
  18 bullfrogs
  A two-headed ogre simulacrum (IceCv)
  A wyvern skeleton (D:7)
  2 troll zombies (D:11)
  5 wights (D:7)
  2 elephant simulacra (IceCv)
  37 killer bees
  3 electric eels (Lair:2)
  5 howler monkeys
  A lava snake (Snake:4)
  7 centaur zombies
  A jelly (D:5)
  A bullfrog zombie (D:5)
  3 bullfrog skeletons
  5 hounds
  24 orc priests
  Crazy Yiuf (D:6)
  A gnoll shaman (D:8)
  A centaur skeleton (D:7)
  Terence (D:2)
  4 iguanas (D:5)
  16 orc wizards
  A spriggan simulacrum (IceCv)
  A killer bee zombie (D:7)
  6 ogre zombies (D:11)
  A hound skeleton (D:4)
  2 howler monkey zombies
  Robin (D:4)
  15 gnolls
  A howler monkey skeleton (D:6)
  13 adders
  8 river rats
  A white imp (IceCv)
  An ufetubus (D:5)
  A worm (D:2)
  A dart slug (D:2)
  89 orcs
  14 ball pythons
  8 bats
  9 endoplasms
  4 giant cockroaches
  18 goblins
  13 hobgoblins
  10 jackals
  11 kobolds
  2 quokkas
  9 frilled lizards
  3 goblin skeletons (D:11)
  3 goblin zombies (D:11)
  4 hobgoblin skeletons (D:11)
  2 hobgoblin zombies (D:11)
  2 orc skeletons (D:11)
  10 orc zombies (D:11)
  31 rats
1115 creatures vanquished.

Vanquished Creatures (others)
  A two-headed ogre (D:14)
  A wizard (D:12)
  A salamander (Snake:4)
  3 humans (D:14)
  A naga (Snake:4)
  An orc warrior (Orc:2)
  A gnoll (D:8)
  An orc (D:6)
  5 bushes
  57 fungi
  88 plants
  4 toadstools (D:6)
164 creatures vanquished.

Grand Total: 1279 creatures vanquished

Notes
Turn   | Place    | Note
-------+----------+-------------------------------------------
     0 | D:1      | Zeldest the Gnoll Wanderer began the quest for the Orb.
     0 | D:1      | Zeldest set off with the following items: a +0 vorpal hand
                  | crossbow, a +0 spear, a +0 ring mail
     0 | D:1      | Reached XP level 1. HP: 17/17 MP: 4/4
   109 | D:1      | Reached XP level 2. HP: 23/23 MP: 5/5
   536 | D:1      | Reached XP level 3. HP: 28/28 MP: 7/7
   851 | D:2      | Reached skill level 1 in Invocations
  1149 | D:2      | Reached skill level 1 in Short Blades
  1149 | D:2      | Reached skill level 1 in Long Blades
  1149 | D:2      | Reached skill level 1 in Axes
  1149 | D:2      | Reached skill level 1 in Maces & Flails
  1149 | D:2      | Reached skill level 1 in Staves
  1149 | D:2      | Reached skill level 1 in Slings
  1149 | D:2      | Reached skill level 1 in Bows
  1149 | D:2      | Reached skill level 1 in Throwing
  1149 | D:2      | Reached skill level 1 in Dodging
  1149 | D:2      | Reached skill level 1 in Stealth
  1149 | D:2      | Reached skill level 1 in Shields
  1149 | D:2      | Reached skill level 1 in Unarmed Combat
  1149 | D:2      | Reached skill level 1 in Evocations
  1149 | D:2      | Reached XP level 4. HP: 34/34 MP: 8/8
  1259 | D:2      | Found a faded altar of an unknown god.
  1306 | D:2      | Noticed Terence
  1311 | D:2      | Killed Terence
  1312 | D:2      | Reached skill level 1 in Conjurations
  1312 | D:2      | Reached skill level 1 in Hexes
  1312 | D:2      | Reached skill level 1 in Summonings
  1312 | D:2      | Reached skill level 1 in Necromancy
  1312 | D:2      | Reached skill level 1 in Translocations
  1312 | D:2      | Reached skill level 1 in Transmutations
  1312 | D:2      | Reached skill level 1 in Fire Magic
  1312 | D:2      | Reached skill level 1 in Ice Magic
  1312 | D:2      | Reached skill level 1 in Air Magic
  1312 | D:2      | Reached skill level 1 in Earth Magic
  1312 | D:2      | Reached skill level 1 in Poison Magic
  1320 | D:2      | Reached XP level 5. HP: 40/40 MP: 9/9
  1621 | D:2      | Identified the +1 pair of gloves of Zasul {rPois Will++
                  | Str+3}
  1939 | D:3      | Found a shadowy altar of Dithmenos.
  2216 | D:4      | Reached XP level 6. HP: 41/47 MP: 9/11
  2353 | D:4      | Noticed Robin
  2402 | D:4      | Killed Robin
  2455 | D:4      | Reached skill level 5 in Polearms
  2455 | D:4      | Reached skill level 2 in Shields
  2523 | D:4      | Reached XP level 7. HP: 14/52 MP: 12/12
  2896 | D:4      | Found Xytzo's Magic Scroll Boutique.
  3234 | D:5      | Entered Level 5 of the Dungeon
  3434 | D:5      | Identified the +7 hunting sling "Kamous" {vorpal, rC+
                  | Str+3}
  3566 | D:5      | Reached XP level 8. HP: 60/60 MP: 14/14
  3593 | D:5      | Found a staircase to the Ecumenical Temple.
  3612 | D:5      | Reached skill level 3 in Shields
  3621 | Temple   | Entered the Ecumenical Temple
  3836 | Temple   | Became a worshipper of Warmaster Okawaru
  4394 | D:6      | Noticed cyrus's ghost (novice VSFi)
  4413 | D:6      | Found a glowing drain.
  4423 | Sewer    | Entered a sewer
  4678 | Sewer    | Reached * piety under Okawaru
  4958 | D:6      | Noticed Pikel
  4967 | D:6      | Noticed Pikel
  4967 | D:6      | Pikel changed into Pikel the shapeshifter
  4968 | D:6      | Noticed Pikel
  4968 | D:6      | Pikel the shapeshifter changed into Pikel the culicivora
  4971 | D:6      | Pikel the culicivora changed into something unseen
  4979 | D:6      | Noticed Pikel
  4981 | D:6      | Noticed Pikel
  4981 | D:6      | Pikel the orb spider changed into Pikel the death drake
  4992 | D:6      | HP: 3/91 [Pikel the death drake (shapeshifter)/foul vapour
                  | (13)]
  4995 | D:6      | Noticed Pikel
  4995 | D:6      | Pikel the death drake changed into Pikel the shapeshifter
  4995 | D:6      | Noticed Pikel
  4995 | D:6      | Pikel the shapeshifter changed into Pikel the human
  5002 | D:6      | Noticed Pikel
  5002 | D:6      | Pikel the human changed into Pikel the shapeshifter
  5002 | D:6      | Noticed Pikel
  5002 | D:6      | Pikel the shapeshifter changed into Pikel the yaktaur
  5003 | D:6      | Noticed Pikel
  5003 | D:6      | Pikel the yaktaur changed into Pikel the shapeshifter
  5003 | D:6      | Noticed Pikel
  5003 | D:6      | Pikel the shapeshifter changed into Pikel the wind drake
  5005 | D:6      | Noticed Pikel
  5005 | D:6      | Pikel the wind drake changed into Pikel the shapeshifter
  5005 | D:6      | Noticed Pikel
  5005 | D:6      | Pikel the shapeshifter changed into Pikel the jumping
                  | spider
  5421 | D:6      | Found a transporter.
  5423 | D:6      | Noticed Grinder
  5449 | D:6      | Killed Grinder
  5450 | D:6      | Reached XP level 9. HP: 66/66 MP: 14/16
  5476 | D:6      | Noticed Blork the orc
  5489 | D:6      | Killed Blork the orc
  5612 | D:6      | Found a transporter.
  5658 | D:6      | Noticed Pikel
  5660 | D:6      | Noticed Pikel
  5660 | D:6      | Pikel the moth of wrath changed into Pikel the cyclops
  5679 | D:6      | Noticed Pikel
  5679 | D:6      | Pikel the cyclops changed into Pikel the fire crab
  5682 | D:6      | Killed Pikel the fire crab
  5683 | D:6      | Reached skill level 5 in Fighting
  5683 | D:6      | Reached skill level 4 in Shields
  5683 | D:6      | Reached skill level 5 in Spellcasting
  5791 | D:6      | Reached ** piety under Okawaru
  5834 | D:6      | Found a runed translucent door.
  5835 | D:6      | Noticed Crazy Yiuf
  6522 | D:6      | Killed Crazy Yiuf
  6787 | D:7      | Reached skill level 5 in Invocations
  7020 | D:7      | Reached XP level 10. HP: 64/73 MP: 15/18
  7197 | D:8      | Reached *** piety under Okawaru
  7238 | D:8      | Reached skill level 5 in Short Blades
  7238 | D:8      | Reached skill level 5 in Long Blades
  7238 | D:8      | Reached skill level 5 in Axes
  7238 | D:8      | Reached skill level 5 in Maces & Flails
  7238 | D:8      | Reached skill level 5 in Staves
  7238 | D:8      | Reached skill level 5 in Slings
  7238 | D:8      | Reached skill level 5 in Bows
  7238 | D:8      | Reached skill level 5 in Throwing
  7238 | D:8      | Reached skill level 5 in Dodging
  7238 | D:8      | Reached skill level 5 in Stealth
  7238 | D:8      | Reached skill level 5 in Shields
  7238 | D:8      | Reached skill level 5 in Unarmed Combat
  7238 | D:8      | Reached skill level 5 in Evocations
  7243 | D:8      | Found a flagged portal.
  7465 | Bailey   | Entered a bailey
  8741 | Bailey   | Identified the ring "Zoucwiy" {Fire Fly rPois}
  9367 | Bailey   | Reached **** piety under Okawaru
 10181 | D:8      | Received a gift from Okawaru
 10587 | D:8      | Noticed Erica
 10603 | D:8      | Killed Erica
 10604 | D:8      | Reached skill level 6 in Shields
 10986 | D:8      | Reached XP level 11. HP: 74/83 MP: 17/20
 11452 | D:9      | Received a gift from Okawaru
 11477 | D:9      | Reached skill level 5 in Conjurations
 11477 | D:9      | Reached skill level 5 in Hexes
 11477 | D:9      | Reached skill level 5 in Summonings
 11477 | D:9      | Reached skill level 5 in Necromancy
 11477 | D:9      | Reached skill level 5 in Translocations
 11477 | D:9      | Reached skill level 5 in Transmutations
 11477 | D:9      | Reached skill level 5 in Fire Magic
 11477 | D:9      | Reached skill level 5 in Ice Magic
 11477 | D:9      | Reached skill level 5 in Air Magic
 11477 | D:9      | Reached skill level 5 in Earth Magic
 11477 | D:9      | Reached skill level 5 in Poison Magic
 11753 | D:9      | Reached ***** piety under Okawaru
 11893 | D:10     | Entered Level 10 of the Dungeon
 11995 | D:10     | Reached skill level 7 in Shields
 12064 | D:10     | Received a gift from Okawaru
 12320 | D:10     | Noticed a two-headed ogre
 12328 | D:10     | Killed a two-headed ogre
 12328 | D:10     | Received a gift from Okawaru
 12430 | D:10     | Noticed a cyclops
 12458 | D:10     | Killed a cyclops
 12458 | D:10     | Received a gift from Okawaru
 12563 | D:10     | Noticed a seven-headed hydra
 12564 | D:10     | Noticed a stone giant
 12857 | D:10     | Got the Disquisition on Enchanting Companions
 12858 | D:10     | Identified the +8 chain mail "Gauqusy" {+Inv rCorr Stlth+}
 12871 | D:10     | Identified the ring of Happiness {rC- Will+ Int+6 SInv}
 12887 | D:10     | Noticed a flayed ghost
 12909 | D:10     | Killed a flayed ghost
 13173 | D:10     | Killed a one-headed hydra
 13174 | D:10     | Reached skill level 8 in Shields
 13174 | D:10     | Reached XP level 12. HP: 26/91 MP: 10/23
 13577 | D:10     | Killed a stone giant
 13803 | D:10     | Noticed Josephine
 13862 | D:10     | Killed Josephine
 14975 | D:11     | Found a staircase to the Lair.
 15014 | D:11     | Reached skill level 10 in Crossbows
 15014 | D:11     | Reached skill level 10 in Armour
 15024 | D:11     | Reached skill level 9 in Shields
 15078 | D:11     | Noticed Nergalle
 15112 | D:11     | Killed Nergalle
 15404 | D:11     | Noticed a two-headed ogre
 15404 | D:11     | Noticed Lodul
 15409 | D:11     | Noticed a two-headed ogre
 15412 | D:11     | Killed Lodul
 15413 | D:11     | Noticed a two-headed ogre
 15418 | D:11     | Killed a two-headed ogre
 15419 | D:11     | Noticed a two-headed ogre
 15430 | D:11     | Killed a two-headed ogre
 15430 | D:11     | Reached ****** piety under Okawaru
 15430 | D:11     | Identified the +3 ring mail of Limited Liability {rC+}
                  | (Okawaru gifted it to you on level 11 of the Dungeon)
 15430 | D:11     | Received a gift from Okawaru
 15438 | D:11     | Killed a two-headed ogre
 15452 | D:11     | Killed a two-headed ogre
 15737 | D:11     | Reached XP level 13. HP: 94/99 MP: 23/25
 16022 | D:11     | Found a staircase to the Orcish Mines.
 16570 | Lair:1   | Entered Level 1 of the Lair of Beasts
 16645 | Lair:1   | Reached skill level 10 in Shields
 18767 | Lair:2   | Noticed Gastronok
 18772 | Arena    | Entered the Arena
 18798 | Arena    | Killed Gastronok
 19668 | Lair:3   | Received a gift from Okawaru
 19868 | Lair:3   | Found a staircase to the Swamp.
 19882 | Lair:3   | Found a staircase to the Snake Pit.
 20402 | Lair:3   | Received a gift from Okawaru
 20751 | Lair:3   | Upgraded the game from 0.29-a0-194-g6e3aafee17 to
                  | 0.29-a0-207-gf982a884d8
 20995 | Lair:3   | Identified the +1 scale mail of Plog {Fly rC++ Int-2 SInv}
                  | (Okawaru gifted it to you on level 3 of the Lair of Beasts)
 20995 | Lair:3   | Received a gift from Okawaru
 21159 | Lair:4   | Reached skill level 11 in Shields
 21353 | Lair:4   | Reached skill level 10 in Polearms
 21377 | Lair:4   | Reached XP level 14. HP: 95/108 MP: 24/27
 22820 | Lair:4   | Reached skill level 10 in Invocations
 23568 | Lair:5   | Found the +3 pair of gauntlets of War {Slay+5}
 23904 | Lair:5   | Received a gift from Okawaru
 23907 | Lair:5   | Reached skill level 12 in Shields
 23944 | Lair:5   | Identified the +0 buckler of Beastly Freedom {-Cast rElec
                  | rN+ Str+5} (Okawaru gifted it to you on level 5 of the Lair
                  | of Beasts)
 23944 | Lair:5   | Received a gift from Okawaru
 24178 | Lair:5   | Reached skill level 10 in Spellcasting
 24568 | Lair:5   | Reached skill level 10 in Fighting
 25077 | Lair:5   | Found a runed translucent door.
 25077 | Lair:5   | Found a viscous altar of Jiyva.
 25077 | Lair:5   | Noticed an acid blob
 25077 | Lair:5   | Noticed an acid blob
 25077 | Lair:5   | Noticed an acid blob
 25080 | Lair:5   | Found a staircase to the Slime Pits.
 25080 | Lair:5   | Noticed an acid blob
 25193 | Lair:6   | Entered Level 6 of the Lair of Beasts
 25605 | Lair:5   | Reached XP level 15. HP: 95/115 MP: 23/29
 26101 | Lair:6   | Received a gift from Okawaru
 26482 | Lair:6   | Reached skill level 10 in Short Blades
 26482 | Lair:6   | Reached skill level 10 in Long Blades
 26482 | Lair:6   | Reached skill level 10 in Axes
 26482 | Lair:6   | Reached skill level 10 in Maces & Flails
 26482 | Lair:6   | Reached skill level 10 in Staves
 26482 | Lair:6   | Reached skill level 10 in Slings
 26482 | Lair:6   | Reached skill level 10 in Bows
 26482 | Lair:6   | Reached skill level 10 in Throwing
 26482 | Lair:6   | Reached skill level 10 in Dodging
 26482 | Lair:6   | Reached skill level 10 in Stealth
 26482 | Lair:6   | Reached skill level 10 in Unarmed Combat
 26482 | Lair:6   | Reached skill level 10 in Evocations
 26849 | Lair:6   | Found the +13 scythe of Curses {drain, Drain}
 27358 | Lair:6   | Reached skill level 13 in Shields
 27965 | Lair:6   | Identified the +8 chain mail of Starshine {Rampage Str+6
                  | Int-2 Stlth+}
 28470 | D:12     | Found a runed translucent gate.
 28470 | D:12     | Found a runed translucent gate.
 28567 | D:12     | Found a runed translucent gate.
 28569 | D:12     | Noticed Zeatusch's ghost (journeyman GrFi)
 28590 | D:12     | Received a gift from Okawaru
 29539 | D:12     | Identified the ring of Fientad {rElec rPois rF+ rN++ Int-4}
 29571 | D:12     | Learned a level 2 spell: Passwall
 30410 | D:13     | Noticed Snorg
 30417 | D:13     | Killed Snorg
 30535 | D:13     | Received a gift from Okawaru
 30580 | D:13     | Found Mics's Jewellery Shoppe.
 30590 | D:13     | Noticed Jorgrun
 30599 | Arena    | Entered the Arena
 30620 | Arena    | Killed Jorgrun
 31130 | D:13     | Reached XP level 16. HP: 43/124 MP: 9/30
 31483 | D:13     | Received a gift from Okawaru
 31740 | D:13     | Noticed Nessos
 31759 | D:13     | Killed Nessos
 32367 | D:13     | Found a shimmering altar of Xom.
 32367 | D:13     | Found a shimmering altar of Xom.
 32367 | D:13     | Found a shimmering altar of Xom.
 32368 | D:13     | Found a shimmering altar of Xom.
 32368 | D:13     | Found a shimmering altar of Xom.
 32409 | D:13     | Found a shimmering altar of Xom.
 32409 | D:13     | Found a shimmering altar of Xom.
 32558 | D:14     | Found a gate to the Vaults.
 32769 | D:14     | Found a sacrificial altar of Ru.
 32921 | D:14     | Found Mosuops's Distillery.
 33002 | D:14     | Reached skill level 14 in Shields
 33401 | D:15     | Entered Level 15 of the Dungeon
 33453 | D:15     | Found Dawequsu's General Store.
 33540 | D:15     | Found a gate leading to a gauntlet.
 33547 | Gauntlet | Entered a Gauntlet
 33547 | Gauntlet | Found a transporter.
 33734 | Gauntlet | Found a transporter.
 33736 | Gauntlet | Found a transporter.
 33751 | Gauntlet | Found a transporter.
 33754 | Gauntlet | Found a transporter.
 33758 | Gauntlet | Found a runed translucent door.
 33761 | Gauntlet | Found a runed translucent door.
 33763 | Gauntlet | Found a transporter.
 33778 | Gauntlet | Found a runed translucent gate.
 33779 | Gauntlet | Found a transporter.
 33779 | Gauntlet | Found a runed translucent gate.
 33780 | Gauntlet | Found a runed translucent gate.
 33790 | Gauntlet | Found a transporter.
 33801 | Gauntlet | Found a transporter.
 33823 | Gauntlet | Found a transporter.
 33833 | Gauntlet | Found a transporter.
 33834 | Gauntlet | Found a transporter.
 33884 | Gauntlet | Found a transporter.
 33887 | Gauntlet | Found a transporter.
 33887 | Gauntlet | Found a runed translucent door.
 34052 | Gauntlet | Got Sif Muna's Almanac of Frigorific Heat
 34094 | Gauntlet | Identified the +2 war axe of Pride {antimagic, rCorr}
 34201 | Gauntlet | Identified the ring "Plog" {+Blink rF- rC+ MP+9 AC+4}
 34201 | Gauntlet | Found the +5 robe of Night {Dark Will+ SInv}
 34323 | D:15     | Noticed Kirke
 34550 | D:15     | Killed Kirke
 34563 | D:15     | Received a gift from Okawaru
 34683 | D:15     | Found a broken altar of Ashenzari.
 35165 | D:15     | Identified Roxanne's Grimoire of Transmutation
 35165 | D:15     | Noticed Roxanne
 35200 | D:15     | Killed Roxanne
 35685 | Arena    | Entered the Arena
 35977 | D:15     | Found a staircase to the Depths.
 36106 | Orc:1    | Entered Level 1 of the Orcish Mines
 36462 | Orc:2    | Entered Level 2 of the Orcish Mines
 36462 | Orc:2    | Found a frozen archway.
 36473 | Orc:2    | Paralysed by an orc sorcerer for 6 turns
 36641 | IceCv    | Entered an ice cave
 37067 | Orc:2    | Found a staircase to the Elven Halls.
 37351 | Orc:2    | Reached XP level 17. HP: 110/132 MP: 32/32
 37859 | Orc:2    | Received a gift from Okawaru
 37978 | Orc:2    | Found Keale's Magic Scroll Shop.
 37978 | Orc:2    | Found Zoal's Magic Scroll Shop.
 37979 | Orc:2    | Found Xuomedur's Distillery.
 37979 | Orc:2    | Found Tadoik's Armour Boutique.
 37990 | Orc:2    | Bought a scroll of teleportation for 33 gold pieces
 38372 | Snake:1  | Entered Level 1 of the Snake Pit
 38382 | Snake:1  | Reached skill level 15 in Shields
 38559 | Snake:1  | Identified the +5 shadow dragon scales of Understanding
                  | {Harm rC+ Dex-4 Stlth++++} (Okawaru gifted it to you on
                  | level 1 of the Snake Pit)
 38559 | Snake:1  | Received a gift from Okawaru
 39181 | Snake:1  | Found Fexzorho's Antique Armour Boutique.
 39181 | Snake:1  | Found Cyol Duema's Armour Shop.
 39182 | Snake:1  | Found Xurukorch's Antique Weapon Boutique.
 39186 | Snake:1  | Found Darchypt's Assorted Antiques.
 39198 | Snake:1  | Bought a glowing broad axe for 189 gold pieces
 39198 | Snake:1  | Bought a polished demon blade for 540 gold pieces
 39198 | Snake:1  | Identified the +7 demon blade "Hell-Harrower" {pain, rC+
                  | Str+3} (You bought it in a shop on level 1 of the Snake
                  | Pit)
 39206 | Snake:1  | Bought a polished chain mail for 294 gold pieces
 39206 | Snake:1  | Identified the +1 chain mail of the Orcish Mines {rF++
                  | rC+++ Str-5 Dex-4} (You bought it in a shop on level 1 of
                  | the Snake Pit)
 39207 | Snake:1  | Identified a scroll of acquirement
 39208 | Snake:1  | Acquired the +9 lajatang "Eviscerator" {venom, rF+ rC+
                  | Will+ Stlth+}
 39287 | Snake:2  | Noticed Agnes
 39300 | Snake:2  | Killed Agnes
 39852 | Snake:2  | Noticed Aizul
 40153 | Snake:2  | Killed Aizul
 40410 | Snake:2  | Noticed Donald
 40436 | Snake:2  | Killed Donald
 40437 | Snake:2  | Reached skill level 10 in Conjurations
 40437 | Snake:2  | Reached skill level 10 in Hexes
 40437 | Snake:2  | Reached skill level 10 in Summonings
 40437 | Snake:2  | Reached skill level 10 in Necromancy
 40437 | Snake:2  | Reached skill level 10 in Translocations
 40437 | Snake:2  | Reached skill level 10 in Transmutations
 40437 | Snake:2  | Reached skill level 10 in Fire Magic
 40437 | Snake:2  | Reached skill level 10 in Ice Magic
 40437 | Snake:2  | Reached skill level 10 in Air Magic
 40437 | Snake:2  | Reached skill level 10 in Earth Magic
 40437 | Snake:2  | Reached skill level 10 in Poison Magic
 40714 | Snake:2  | Found a runed translucent door.
 40715 | Snake:2  | Noticed murtidash's ghost (journeyman DgIE)
 41712 | Snake:3  | Noticed Bai Suzhen
 41717 | Snake:3  | Identified the +1 ring mail of Ponaon {Regen+ MP+9}
                  | (Okawaru gifted it to you on level 3 of the Snake Pit)
 41717 | Snake:3  | Received a gift from Okawaru
 41742 | Snake:2  | Killed Bai Suzhen
 42681 | Snake:3  | Reached XP level 18. HP: 66/141 MP: 19/34
 44620 | Snake:3  | Reached skill level 16 in Shields
 45813 | Snake:4  | Entered Level 4 of the Snake Pit
 46723 | Snake:4  | Noticed Mlioglotl
 46743 | Snake:4  | Killed Mlioglotl
 47252 | Snake:4  | Identified the +8 mace "Touthoh" {freeze, Fly rElec rC+++
                  | Dex-2}
 47471 | Snake:4  | Received a gift from Okawaru
 47590 | Snake:4  | HP: 4/142 [naga/+0 glaive (9)]
 47591 | Snake:4  | Slain by a naga warrior

Illustrated notes

Levels and vault maps discovered:
D:1:      saegor_arrival_simple_a, layout_loops_ring, minmay_misc_feat_rugged
D:2:      layout_basic, ebering_ecumenical_altar_webs, uniq_terence
D:3:      layout_loops_cross, overflow_temple_1_default
D:4:      layout_rooms, serial_shops, shop, uniq_robin
D:5:      layout_basic, minmay_temple_entry_statues_pillars, minmay_checkerbox
D:6:      minmay_skewed_foursquare, layout_loops_corners, gammafunk_ghost_arena,
          portal_sewer_entry_a, minmay_gold_behind_fungi, uniq_blork_the_orc,
          uniq_pikel, uniq_crazy_yiuf_cottage, uniq_grinder
D:7:      layout_rooms
D:8:      layout_cave_pods, enter_bailey_7, uniq_erica
D:9:      layout_cave_pools, lightli_orcish_oven
D:10:     minmay_the_grid_3x2 [minmay_the_grid_mess,
          minmay_the_grid_outer_circle, minmay_the_grid_doors,
          minmay_the_grid_eight, minmay_the_grid_large_cup,
          minmay_the_grid_prize_diamond_cup], layout_irregular_city,
          uniq_josephine
D:11:     layout_stronghold, minmay_lair_entry_grove, zombieorc2_lemuel,
          eino_small_chamber_without_monster, st_stairs_2, uniq_nergalle,
          uniq_lodul
D:12:     minmay_crescents, layout_loops_ring, gammafunk_ghost_split
D:13:     layout_long_grid, serial_shops, nicolae_shop_crystal,
          xom_shifter_show, uniq_snorg, uniq_nessos, uniq_jorgrun
D:14:     layout_gridville, david_vaults_3, nicolae_ru_awakened_eye,
          serial_shops, nicolae_shop_advertising_works
          [nicolae_subvault_shop_adworks], grunt_decor_arrowhead
D:15:     gammafunk_enter_depths_forms, layout_gridville, serial_shops,
          nicolae_shop_statue_plus, gauntlet_entry_generic,
          cheibrodos_ashenzari_chains, lemuel_nasty_fountain, uniq_kirke,
          uniq_roxanne
Temple:   mainiacjoe_temple_archimedes_tessellation
Lair:1:   layout_chaotic_city, serial_bayou_shore_a
Lair:2:   layout_big_grid, serial_bayou, serial_bayou_pond_b,
          serial_bayou_pond_e, serial_bayou_lake_a, serial_bayou_pond_c,
          uniq_gastronok
Lair:3:   layout_cave_pods, swamp_mist, guppyfry_snake_entry_island
Lair:4:   beast_lair_carwin_large_1, layout_regular_city, grunt_megastairs_2,
          lemuel_fruit_fields
Lair:5:   regret_index_bee_streams, layout_cave_pods, slime_altar_2,
          lemuel_fruit_tree
Lair:6:   gammafunk_lair_ancient_temple, layout_long_grid,
          chequers_serial_rivers_marsh
Snake:1:  layout_onion, nicolae_snake_shapes, grunt_megastairs_3,
          minmay_shoptagon
Snake:2:  layout_honeycomb, ebering_ghost_inner_flame, drop_trap, uniq_agnes,
          uniq_aizul, uniq_donald
Snake:3:  layout_chambers, grunt_megastairs_5, uniq_bai_suzhen
Snake:4:  grunt_snake_rune_pools, layout_layer_cave, nicolae_snake_linked_coils,
          nicolae_snake_salamander_fort, minmay_shop_star, uniq_mlioglotl
Orc:1:    layout_caves
Orc:2:    st_orc_pillars, layout_caves, portal_ice_cave_rime

Skill      XL: |  1  2  3  4  5  6  7  8  9 10 11 12 13 14 15 16 17 18 |
---------------+-------------------------------------------------------+-----
Invocations    | 1 2 3 4 5 6 7 8 9 10 11 12 13 | 13.6
Short Blades   | 1 2 3 4 5 6 7 8 9 10 11 12 | 12.5
Long Blades    | 1 2 3 4 5 6 7 8 9 10 11 12 | 12.5
Axes           | 1 2 3 4 5 6 7 8 9 10 11 12 | 12.5
Maces & Flails | 1 2 3 4 5 6 7 8 9 10 11 12 | 12.5
Staves         | 1 2 3 4 5 6 7 8 9 10 11 12 | 12.5
Slings         | 1 2 3 4 5 6 7 8 9 10 11 12 | 12.5
Bows           | 1 2 3 4 5 6 7 8 9 10 11 12 | 12.5
Throwing       | 1 2 3 4 5 6 7 8 9 10 11 12 | 12.5
Dodging        | 1 2 3 4 5 6 7 8 9 10 11 12 | 12.5
Stealth        | 1 2 3 4 5 6 7 8 9 10 11 12 | 12.5
Shields        | 1 2 3 4 6 8 9 11 12 13 14 15 16 | 16.4
Unarmed Combat | 1 2 3 4 5 6 7 8 9 10 11 12 | 12.5
Evocations     | 1 2 3 4 5 6 7 8 9 10 11 12 | 12.5
Spellcasting   | 3 4 5 6 7 8 9 10 11 12 | 12.8
Conjurations   | 1 2 3 4 5 6 7 8 9 10 | 10.6
Hexes          | 1 2 3 4 5 6 7 8 9 10 | 10.6
Summonings     | 1 2 3 4 5 6 7 8 9 10 | 10.6
Necromancy     | 1 2 3 4 5 6 7 8 9 10 | 10.6
Translocations | 1 2 3 4 5 6 7 8 9 10 | 10.6
Transmutations | 1 2 3 4 5 6 7 8 9 10 | 10.6
Fire Magic     | 1 2 3 4 5 6 7 8 9 10 | 10.6
Ice Magic      | 1 2 3 4 5 6 7 8 9 10 | 10.6
Air Magic      | 1 2 3 4 5 6 7 8 9 10 | 10.6
Earth Magic    | 1 2 3 4 5 6 7 8 9 10 | 10.6
Poison Magic   | 1 2 3 4 5 6 7 8 9 10 | 10.6
Fighting       | 3 4 5 6 7 8 9 10 11 12 | 12.8
Polearms       | 5 6 7 8 9 10 11 12 13 | 13.3
Crossbows      | 7 8 9 10 11 12 13 14 | 14.0
Armour         | 7 8 9 10 11 12 13 14 | 14.0

Action                   |  1- 3 |  4- 6 |  7- 9 | 10-12 | 13-15 | 16-18 || total
-------------------------+-------+-------+-------+-------+-------+-------++-------
Melee: Falchion          |       |     5 |    77 |   678 |  1502 |       ||  2262
       Bite              |       |       |     5 |    98 |   306 |   220 ||   629
       Unarmed           |       |       |    46 |       |       |       ||    46
       Hunting sling     |       |       |     2 |       |       |       ||     2
       Hand axe          |       |       |       |    13 |    35 |       ||    48
       Broad axe         |       |       |       |       |    45 |   996 ||  1041
       Lajatang          |       |       |       |       |       |   402 ||   402
 Fire: Hand crossbow     |    77 |   218 |    57 |       |       |       ||   352
       Hunting sling     |       |       |   339 |   395 |   390 |       ||  1124
Throw: Throwing net      |       |       |     1 |     2 |       |       ||     3
       Dart              |       |       |       |     5 |       |       ||     5
Invok: Heroism           |       |       |       |     8 |    11 |    22 ||    41
       Duel              |       |       |       |       |     2 |     1 ||     3
       Finesse           |       |       |       |       |       |     4 ||     4
 Abil: Evoke Invisibilit |       |       |       |       |     2 |     2 ||     4
       Evoke Blink       |       |       |       |       |       |     1 ||     1
Evoke: Wand              |       |       |    14 |    10 |    37 |     5 ||    66
       Tin of tremorston |       |       |       |     2 |     5 |     1 ||     8
  Use: Scroll            |       |     2 |     8 |     3 |    22 |     6 ||    41
       Potion            |       |     3 |     8 |     1 |     8 |    10 ||    30
 Stab: Sleeping          |       |       |       |     5 |     4 |    16 ||    25
       Paralysed         |       |       |       |     9 |     2 |       ||    11
       Invisible         |       |       |       |     1 |    25 |    51 ||    77
       Distracted        |       |       |       |       |     2 |     3 ||     5
       Petrified         |       |       |       |       |       |     5 ||     5
Armor: Ring mail         |    23 |    74 |   204 |    72 |       |       ||   373
       Skin              |       |       |    12 |       |       |       ||    12
       Scale mail        |       |       |       |   116 |       |       ||   116
       Chain mail        |       |       |       |   240 |  1022 |   743 ||  2005
Dodge: Dodged            |    24 |    62 |   201 |   356 |   774 |   549 ||  1966
Block: Kite shield       |       |    37 |   154 |   437 |   910 |   698 ||  2236
       Buckler           |       |       |       |       |   157 |       ||   157
       Reflection        |       |       |       |       |       |    15 ||    15

Table legend: (Time is in decaauts)
 A = Elapsed time spent in this place.
 B = Non-inter-level travel time spent in this place.
 C = Inter-level travel time spent in this place.
 D = Time resting spent in this place.
 E = Time spent auto-exploring this place.
 F = Levels seen in this place.
 G = Mean time per level.
                   A        B        C        D        E       F      G
               +--------+--------+--------+--------+--------+-----+--------+
         Total |  48121 |  46576 |   1545 |  19456 |  16039 |  35 | 1374.9 |
       Dungeon |  20819 |  19974 |    845 |   7387 |   7996 |  15 | 1387.9 |
        Temple |    243 |    202 |     41 |      0 |    183 |   1 |  243.0 |
          Lair |  11985 |  11448 |    537 |   4697 |   4015 |   6 | 1997.5 |
     Snake Pit |   8985 |   8905 |     80 |   5065 |   2284 |   4 | 2246.2 |
  Orcish Mines |   1762 |   1722 |     40 |    430 |    775 |   2 |  881.0 |
         Sewer |    519 |    519 |      0 |    142 |    170 |   1 |  519.0 |
        Bailey |   2588 |   2588 |      0 |   1287 |    358 |   1 | 2588.0 |
      Ice Cave |    412 |    412 |      0 |    113 |     48 |   1 |  412.0 |
      Gauntlet |    682 |    682 |      0 |    298 |    210 |   1 |  682.0 |
         Arena |    120 |    120 |      0 |     35 |      0 |   3 |   40.0 |
               +--------+--------+--------+--------+--------+-----+--------+

Top non-repeatable levels by time:
 Snake:3: 3488 daAuts
 Snake:2: 3357 daAuts
    D:11: 2682 daAuts
  Bailey: 2588 daAuts
    D:10: 2511 daAuts
  Lair:6: 2490 daAuts
  Lair:3: 2282 daAuts
  Lair:5: 2163 daAuts
    D:13: 1897 daAuts
    D:12: 1897 daAuts
     D:6: 1868 daAuts
  Lair:4: 1866 daAuts
  Lair:2: 1785 daAuts
    D:15: 1742 daAuts
     D:8: 1444 daAuts
